Cogmind - Beta 16 @@@ ROGUE MODE // 2025.12.25 @ 19:10:33 Player: epb Result: Destroyed by EJ-7BJ(R) with Subdweller Beam Cannon Performance ------------- Evolutions (0) 0 Regions Visited (3) 600 Robots Destroyed (10) 50 Value Destroyed (221) 221 Prototype IDs (0) 0 Alien Tech Used (0) 0 Bonus (0) 0 TOTAL SCORE: 871 Bonus ------- None Cogmind --------- Core Integrity 0/250 Matter 275/300 Energy 200/200 System Corruption 0% Temperature Cool (9) Movement Core (200) Ox3 Location -10/Subcaves Parts ------- > --- POWER (1) -------- Subdweller Power Source > --- PROPULSION (2) --- (None) > --- UTILITY (2) ------ Small Storage Unit > --- WEAPON (2) ------- Assault Rifle > --- INVENTORY (8) ---- Compact Wheel Compact Wheel Light Assault Rifle Peak State ------------ > --- POWER ------------ Ion Engine > --- PROPULSION ------- Light Treads Light Treads > --- UTILITY ---------- Small Storage Unit Power Shielding > --- WEAPON ----------- Heavy Assault Rifle Heavy Assault Rifle > --- INVENTORY -------- Light Ion Engine Compact Wheel Compact Wheel Assault Rifle Assault Rifle Light Assault Rifle [Rating: 9] Favorites ----------- Power Ion Engine Engine Ion Engine Propulsion Light Treads Treads Light Treads Utility Small Storage Unit Storage Small Storage Unit Protection Power Shielding Weapon Heavy Assault Rifle Ballistic Gun Heavy Assault Rifle Build | -11 -10 -10 -10 ------- Run | Yrd Mat Min Sub Slots Evolved . | . . . . Power . | . . . . Propulsion . | . . . . Utility . | . . . . Weapon . | . . . . Parts Attached 12 | 7 3 . 2 Power 3 | 2 . . 1 Engine 3 | 2 . . 1 Core . | . . . . Reactor . | . . . . Propulsion 2 | 2 . . . Treads 2 | 2 . . . Leg . | . . . . Wheel . | . . . . Hover . | . . . . Flight . | . . . . Utility 2 | 1 1 . . Device . | . . . . Storage 1 | 1 . . . Processor . | . . . . Hackware . | . . . . Protection 1 | . 1 . . Artifact . | . . . . Weapon 5 | 2 2 . 1 Energy Gun . | . . . . Energy Cannon . | . . . . Ballistic Gun 5 | 2 2 . 1 Ballistic Cannon . | . . . . Launcher . | . . . . Special Weapon . | . . . . Impact Weapon . | . . . . Slashing Weapon . | . . . . Piercing Weapon . | . . . . Special Melee Weapon . | . . . . Unidentified Prototypes . | . . . . Parts Lost 9 | . . . 9 Power 2 | . . . 2 Propulsion 2 | . . . 2 Utility 1 | . . . 1 Weapon 4 | . . . 4 Highest Loss Streak 4 | . . . 4 To Critical Strikes . | . . . . Average Backups 5 | 2 4 6 5 Power . | . 1 1 . Propulsion 1 | 1 2 2 2 Utility . | . . . . Weapon 3 | . 1 3 3 Tool/Special . | . . . . Unused Backups 4 | . . . 4 Power . | . . . . Propulsion 2 | . . . 2 Utility 1 | . . . 1 Weapon 1 | . . . 1 Tool/Special . | . . . . Average Slot Usage (%) 94 | . 93 100 83 Engine 13 | . 14 14 12 Treads 26 | . 28 28 20 Storage 14 | . 14 14 14 Protection 12 | . 7 14 13 Ballistic Gun 26 | . 28 28 21 Peak Build Rating 9 | 6 9 9 9 Average Rating 8 | 4 7 9 7 On Entrance 6 | . 6 9 9 Avg Prop Armor Cover (%) . | . . . . Naked Turns . | . . . . Heaviest Build 17 | 14 17 17 17 Greatest Support 40 | 40 40 40 40 Greatest Overweight (x) 4 | . . . 4 Average Overweight (x) . | . . . . Largest Inventory Capacity 8 | 8 8 8 8 Average Capacity 7 | 6 8 8 8 Most Carried 7 | 4 6 7 7 Average Carried 5 | 2 4 6 5 Final Capacity 8 | 8 8 8 8 Final Carried 7 | 4 6 7 3 Class Distribution -------------------- 100% | Mutant Dominant Class ---------------- Mutant | -10/Materials Mutant | -10/Mines Mutant | -10/Subcaves Resources | -11 -10 -10 -10 ----------- Run | Yrd Mat Min Sub Matter Collected 559 | 227 . 187 145 Remotely . | . . . . Salvage Created 255 | . . 156 99 Parts 25 | . . 14 11 Haulers Intercepted . | . . . . Recyclers Shooed . | . . . . Parts Field Recycled . | . . . . Retrieved Matter . | . . . . Parts Self-Destructed . | . . . . Prevented . | . . . . Parts Restored . | . . . . Kills | -11 -10 -10 -10 ------- Run | Yrd Mat Min Sub Combat Hostiles Destroyed 10 | . . 8 2 Guns 10 | . . 8 2 Classes Destroyed 3 | . . 2 1 Swarmer 6 | . . 6 . Grunt 2 | . . 2 . Subdweller 2 | . . . 2 Best Kill Streak 4 | . . 4 1 Combat Bots Only 4 | . . 4 1 Max Kills in Single Turn 2 | . . 2 1 Gunslinging 1 | . . 1 . Exploded . | . . . . Melee . | . . . . Uniques/NPCs Destroyed . | . . . . Combat | -11 -10 -10 -10 -------- Run | Yrd Mat Min Sub Hostile Shots Fired 107 | . . 39 68 Missed 31 | . . 14 17 Hits 76 | . . 25 51 Projectile 76 | . . 25 51 Critical Strikes 1 | . . . 1 Damage Taken 1337 | . . 226 1111 Core 277 | . . 37 240 Absorbed by Shields . | . . . . Redirected to Shielding 55 | . . 12 43 Core Remaining (%) 100 | 100 . . . Volleys Fired 61 | . 1 26 34 Largest 2 | . 2 2 2 Hottest 46 | . 40 46 46 Shots Fired 109 | . 2 52 55 Gun 109 | . 2 52 55 Cannon . | . . . . Launcher . | . . . . Special . | . . . . Kinetic 109 | . 2 52 55 Thermal . | . . . . Explosive . | . . . . Electromagnetic . | . . . . Robot Hit Streak 9 | . . 8 9 Robot Miss Streak 3 | . 2 3 2 Penetration Max . | . . . . Secondary Targets 2 | . . 2 . Max Gunslinging Chain 1 | . . 1 . Shots Hit Robots 72 | . . 32 40 Core Hits 17 | . . 11 6 Critical Kills . | . . . . Critical Parts Destroyed . | . . . . Critical Strikes . | . . . . Melee Attacks . | . . . . Impact . | . . . . Slashing . | . . . . Piercing . | . . . . Sneak Attacks . | . . . . Combat Hostiles . | . . . . Follow-up Attacks . | . . . . Damage Inflicted 852 | . 6 482 364 Guns 846 | . . 482 364 Cannons . | . . . . Explosions . | . . . . Melee . | . . . . Ramming 6 | . 6 . . Kinetic 846 | . . 482 364 Thermal . | . . . . Explosive . | . . . . Electromagnetic . | . . . . Impact . | . . . . Slashing . | . . . . Piercing . | . . . . Highest Corruption . | . . . . Average Corruption . | . . . . Corruption Purged . | . . . . Corruption Blocked . | . . . . Overload Shots . | . . . . Overflow Damage . | . . . . Projectiles . | . . . . Explosions . | . . . . Melee . | . . . . Knockbacks . | . . . . Impact . | . . . . Kinetic . | . . . . Secondary . | . . . . Self-Inflicted Damage . | . . . . Shots . | . . . . Rammed 1 | . 1 . . Targets Rammed 1 | . 1 . . Kicked . | . . . . Crushed . | . . . . Highest Temperature 4 | . . 4 . Average Temperature 1 | . . 1 . Received Heat Transfer 255 | . . 39 216 Siege Activations . | . . . . Martial Activations . | . . . . Shielding Activations . | . . . . Robots Disrupted . | . . . . Combat Hostiles . | . . . . Robots Corrupted . | . . . . Combat Hostiles . | . . . . Parts Fried . | . . . . Impact Corruptions . | . . . . Robots Melted . | . . . . Combat Hostiles . | . . . . Parts Melted . | . . . . Heat Transferred . | . . . . Parts Sabotaged . | . . . . Parts Stolen . | . . . . Parts Stripped . | . . . . Power Chain Reactions . | . . . . Alert | -11 -10 -10 -10 ------- Run | Yrd Mat Min Sub Maximum Alert Level . | . . . . Low Security (%) 100 | 100 100 100 . Level 1 . | . . . . Level 2 . | . . . . Level 3 . | . . . . Level 4 . | . . . . Level 5 . | . . . . High Security . | . . . . Max Security . | . . . . Peak Influence 110 | . 7 110 . Initial . | . . . . Average 17 | . . 25 . Influence Increases 201 | . 11 190 . Destroy 0b10 Robot/C 160 | . . 160 . Destroy Leader 30 | . . 30 . Successful Hack 11 | . 11 . . Influence Decreases 201 | . 11 190 . Time Decay 201 | . 11 190 . Squads Dispatched . | . . . . Investigation . | . . . . Extermination . | . . . . Reinforcement . | . . . . Assault . | . . . . Garrison . | . . . . Intercept . | . . . . Searches Triggered . | . . . . Construction Impeded . | . . . . Haulers Reinforced . | . . . . Active Scanning Responses . | . . . . Cargo Convoy Interrupts . | . . . . Stealth | -11 -10 -10 -10 --------- Run | Yrd Mat Min Sub Distress Signals . | . . . . Communications Jammed . | . . . . Distress Signals . | . . . . Times Spotted 25 | . 2 8 15 Peak Tracking Total 7 | . 1 4 7 Tactical Retreats . | . . . . Traps | -11 -10 -10 -10 ------- Run | Yrd Mat Min Sub Traps Triggered . | . . . . Indirectly . | . . . . Trap Hack Attempts . | . . . . Triggered . | . . . . Disarmed . | . . . . Reprogrammed . | . . . . Reused . | . . . . Traps Extracted . | . . . . Installed . | . . . . Triggered . | . . . . Machines | -11 -10 -10 -10 ---------- Run | Yrd Mat Min Sub Machines Disabled . | . . . . Max in Single Turn . | . . . . Machines Repaired . | . . . . Machines Dismantled . | . . . . Machines Sabotaged . | . . . . Overloaded Fab Kills . | . . . . Hacking | -11 -10 -10 -10 --------- Run | Yrd Mat Min Sub Machines Accessed 4 | . 4 . . Terminals 3 | . 3 . . Fabricators . | . . . . Repair Stations . | . . . . Recycling Units 1 | . 1 . . Scanalyzers . | . . . . Garrison Access . | . . . . Total Hacks 12 | . 12 . . Successful 6 | . 6 . . Failed 6 | . 6 . . Catastrophic 1 | . 1 . . Database Lockouts . | . . . . Manual . | . . . . Terminals 10 | . 10 . . Fabricators . | . . . . Repair Stations . | . . . . Recycling Units 2 | . 2 . . Scanalyzers . | . . . . Garrison Access . | . . . . Terminal Hacks 4 | . 4 . . Record 2 | . 2 . . Dispatch Records 1 | . 1 . . Transport Status 1 | . 1 . . Fabricator Hacks . | . . . . Repair Station Hacks . | . . . . Recycling Unit Hacks 2 | . 2 . . Report Inventory 1 | . 1 . . Retrieve Matter 1 | . 1 . . Scanalyzer . | . . . . Garrison Access Hacks . | . . . . Unauthorized Hacks . | . . . . Terminals . | . . . . Fabricators . | . . . . Repair Stations . | . . . . Recycling Units . | . . . . Scanalyzers . | . . . . Garrison Access . | . . . . Data Cores Recovered . | . . . . Used . | . . . . Hacking Detections 3 | . 3 . . Full Trace Events . | . . . . Feedback Events . | . . . . Feedback Blocked . | . . . . Robot Schematics Acquired . | . . . . Robots Built . | . . . . Authchips . | . . . . Time . | . . . . Total Robot Build Rating . | . . . . Part Schematics Acquired . | . . . . Parts Built . | . . . . Authchips . | . . . . Time . | . . . . Total Part Build Rating . | . . . . Part Studies Acquired . | . . . . Parts Repaired . | . . . . Time . | . . . . Parts Recycled . | . . . . Recycled Matter . | . . . . Retrieved Matter . | . . . . Retrieved Components . | . . . . Parts Scanalyzed . | . . . . Part Schematics Acquired . | . . . . Parts Damaged . | . . . . Bothacking | -11 -10 -10 -10 ------------ Run | Yrd Mat Min Sub Used RIF Installer . | . . . . Robots Hacked . | . . . . Non-combat . | . . . . Combat . | . . . . Robot Hacks Applied . | . . . . Relay Couplers Released . | . . . . Fabnet Peak Effective % . | . . . . Robots Rewired . | . . . . Allies Hacked . | . . . . Hacks Repelled . | . . . . Allies | -11 -10 -10 -10 -------- Run | Yrd Mat Min Sub Total Allies . | . . . . Largest Group . | . . . . Highest-Rated Group . | . . . . Highest-Rated Ally . | . . . . Total Orders . | . . . . Ally Attacks . | . . . . Total Damage . | . . . . Kills . | . . . . Allies Corrupted . | . . . . Allies Melted . | . . . . Intel | -11 -10 -10 -10 ------- Run | Yrd Mat Min Sub Active Infowar (turns) . | . . . . Robot Analysis Total . | . . . . Derelict Logs Recovered 2 | . . 2 . Drone Launches . | . . . . Drone Recoveries . | . . . . Exploration | -11 -10 -10 -10 ------------- Run | Yrd Mat Min Sub Turns Passed 1810 | 127 324 974 385 Spaces Moved 1010 | 74 195 560 181 Core 9 | 5 . . 4 Treads 1001 | 69 195 560 177 Legs . | . . . . Wheels . | . . . . Hover . | . . . . Flight . | . . . . Fastest Speed 50 | 50 160 160 160 Average Speed 159 | 152 160 160 161 Slowest Speed 250 | 160 160 160 250 Overloaded Moves . | . . . . Propulsion Burnouts . | . . . . Robots Hopped . | . . . . Potential Cave-ins . | . . . . Cave-ins Triggered . | . . . . Exploration Rate (%) 33 | 6 32 87 8 Regions Visited 3 Branch Regions 2 Pre-discovered Areas . | . . . . Known Exits Taken . | . . . . Unknown Exits Taken 3 | 1 1 1 . Scrap Searched 1 | . . 1 . Spaces Dug . | . . . . Terrain Destroyed . | . . . . Melee . | . . . . Projectile . | . . . . AOE . | . . . . Terrain Rammed . | . . . . Walls Destroyed . | . . . . Machines Disabled . | . . . . Actions | -11 -10 -10 -10 --------- Run | Yrd Mat Min Sub Total 1099 | 86 203 586 224 Wait 4 | . 4 . . Move 1007 | 73 194 559 181 Hop . | . . . . Pick Up 8 | 6 . 1 1 Fast Attach 7 | 3 1 . 3 Attach 5 | 3 . . 2 Detach . | . . . . Swap 3 | 1 2 . . Drop 3 | . . . 3 Fire 61 | . 1 26 34 Melee . | . . . . Ram . | . . . . Kick . | . . . . Crush 1 | . 1 . . Escape Stasis . | . . . . Rewire . | . . . . Trap . | . . . . Miscellaneous . | . . . . Route ------- -11/Scrapyard -10/Materials -10/Mines (discovered 3 exits: [*Mat x2] / [*Sub]) -10/Subcaves (discovered 1 exit: [*Mat]) History --------- Turn | Location | Event 11 | -11/Scrapyard | Discovered new exit (range 16) 128 | -11/Scrapyard | Entered Materials 275 | -10/Materials | Discovered new exit (range 12) 303 | -10/Materials | Build established: Mutant 452 | -10/Materials | Entered Mines 499 | -10/Mines | Learned Materials non-interactive machine intel 550 | -10/Mines | Discovered new exit (range 8) 1083 | -10/Mines | Discovered new exit (range 11) 1243 | -10/Mines | Discovered new exit (range 10) 1261 | -10/Mines | Learned Materials terminal intel 1426 | -10/Mines | Entered Subcaves 1436 | -10/Subcaves | Discovered new exit (range 9) 1441 | -10/Subcaves | Ambushed by Subdwellers from Twisted Machinery 1519 | -10/Subcaves | A swath of the cavern ceiling suddenly collapsed 1786 | -10/Subcaves | Ambushed by swarm of Subdwellers 1788 | -10/Subcaves | Ambushed by Subdwellers from Twisted Machinery 1797 | -10/Subcaves | Core integrity fell below 50% 1802 | -10/Subcaves | Core integrity fell below 20% 1811 | -10/Subcaves | Destroyed by EJ-7BJ(R) with Subdweller Beam Cannon Last Messages --------------- Machinery. 01790_ JN-JKA(R) emerges from the Twisted Machinery. 01791_ HV Slug penetrates 9I-YPL(R). 01791_ 9I-YPL(R) suffers critical hit (Destroy). 01791_ 9I-YPL(R) knocked back. 01791_ HV Slug penetrates 9I-YPL(R). 01792_ V5-EG7(R) emerges from the Twisted Machinery. 01792_ Lgt. Treads destroyed. 01792_ Lgt. Assault Rifle destroyed. [Achievement: There's More Where That Came From] 01793_ 43-EFP(h) destroyed. 01796_ EZ-5VT(R) destroyed. 01798_ EJ-7BJ(R) emerges from the Twisted Machinery. 01798_ O1-2C7(R) destroyed. 01800_ Assault Rifle destroyed. 01802_ JN-JKA(R) destroyed. 01803_ Power Shielding destroyed. Map ----- +----------------------------------------------------+ | ?????????????????????????????????????????????????? | | ?????????????????????????????????????????????????? | | ?????????????????????????????????????????????????? | | ??????????????????????????####???????????????????? | | ?????????????????????????## ##??????????????????? | | ?????????????????????????# ???????????????????? | | ????????????????????????## ???????????????????? | | ????????????????????????? #???????#?? ??????? | | ????????????????????###### #?????? ## ???????? | | ???????????????????##""""# #????? ????????? | | ?????????????????###& "# ####? ???????????? | | ????????????????## # " # # ##????????????? | | ???????????????## # "" #????????????? | | #????????????### # " #?????????????? | | ##??????###?## ##### ######?????????????? | | ""#######"#?#" < ### ! # #??????????????????? | | #""# # #" ### "" ##&"&## ###????????????????? | | "" ! =! """ ## ##=%%[# "##???????????????? | | """# # # &&"""##### !%[* &&& #???????????????? | | #"!#####[*%""##???# ##"""! %%& ##???????????????? | | ## #??#!&"" ###??######### =|] #????????????????? | | " = ####& "" ##?????????##%! ####??? #??????? | | # =% "" #??????????## &% "[# #??????? | | "" #???????????#=%"""%! #???????? | | ### "" ####?????#"#####RR #?????????? | | #?### ##????????# "@ RR ## ##?????????? | | ##???######?????????### ##? ##??????????? | | ###?????????????????????# ##??? ##???????????? | | #???????????????????????# ## ##?????#????????????? | | ????????????????????????######???????????????????? | | ?????????????????????????????????????????????????? | | ?????????????????????????????????????????????????? | | ?????????????????????????????????????????????????? | | ?????????????????????????????????????????????????? | | ?????????????????????????????????????????????????? | | ?????????????????????????????????????????????????? | | ?????????????????????????????????????????????????? | | ?????????????????????????????????????????????????? | | ?????????????????????????????????????????????????? | | ?????????????????????????????????????????????????? | | ?????????????????????????????????????????????????? | | ?????????????????????????????????????????????????? | | ?????????????????????????????????????????????????? | | ?????????????????????????????????????????????????? | | | | | | | | | | | | | +----------------------------------------------------+ Best States ------------- Heat Dissipation 25 Energy Generation 15 Energy Capacity 250 Matter Stores 300 Matter Capacity 300 Sight Range 16 Terrain Scan Density 10 Power Shielding 33 Evasion (%) 40 Recoil Reduction 2 Item Schematics ----------------- None Robot Schematics ------------------ None Fabricated ------------ Nothing Repaired ---------- Nothing Studied --------- None Alien Tech Used ----------------- None Achievements -------------- DATA ERROR: Steam Global Achievement% For Emergencies Only There's More Where That Came From Challenges ------------ None Game ------ Seed FieldthrustLongswordCloak Manual? 0 Play Time 00:15:16 Cumulative 8.5 hours Start 2025.12.25 @ 18:53:01 End 2025.12.25 @ 19:10:33 Sessions 1 Manual Loads 0 Difficulty Rogue Special Mode None Game No. 26 Rogue 26 Adventurer 0 Explorer 0 Win Type - Total 0 Types 0/0/0/0/0/0/0/0/0/0 Lore% 3 Gallery% 13 Achievement% 8 Wizard Run 0 Options --------- Layout 1 ASCII 0 Keyboard 0 Movement Vi Keybinds 0 Fullscreen 1 Font 24/Smallcaps Map View 50x40 Zoom Use 0% Tactical HUD 1 Map Filters NONE Filters NONE Steam 1 RUN: 9911b1b9-2f76-43a4-a01b-27423ce6b19f